 Dungeon Crawl Stone Soup version 0.24.0-1-gfbc8707122 (console) character file.

Game seed: 1275616906686608623, levelgen mode: deterministic

102 Cab the Grave Robber (level 4, 0/30 HPs)
             Began as a Mummy Necromancer on Oct 27, 2019.
             Slain by an ice beast (14 damage)
             ... on level 3 of the Dungeon.
             The game lasted 00:06:02 (2173 turns).

Cab the Grave Robber (Mummy Necromancer)            Turns: 2173, Time: 00:06:03

Health: 0/30       AC:  2    Str: 14    XL:     4   Next: 49%
Magic:  2/8        EV: 12    Int: 15    God:
Gold:   29         SH:  0    Dex: 12    Spells: 1/9 levels left

rFire    . . .     SeeInvis .   e - +2 flail (crush)
rCold    . . .     Gourm    .   (no shield)
rNeg     + + +     Faith    .   a - +0 robe
rPois    ∞         Spirit   .   (no helmet)
rElec    .         Reflect  .   (no cloak)
rCorr    .         Harm     .   (no gloves)
MR       .....                  (no boots)
Stlth    ++........             (no amulet)
HPRegen  0.10/turn              f - +3 ring of strength
MPRegen  0.11/turn              g - ring of fire

@: no status effects
A: no food or potions, fire vulnerability, cold resistance 1, negative energy
resistance 3, torment resistance, unbreathing
a: no special abilities


You were on level 3 of the Dungeon.
You were not hungry.

You visited 1 branch of the dungeon, and saw 3 of its levels.

You collected 29 gold pieces.

Inventory:

Hand Weapons
 e - a +2 flail of crushing (weapon)
Armour
 a - a +0 robe (worn)
Jewellery
 f - a +3 ring of strength (left hand)
 g - a ring of fire (right hand)
Scrolls
 b - 2 scrolls of teleportation {unknown}
 c - 5 scrolls of identify {unknown}
 d - a scroll of remove curse {unknown}
 h - a scroll of fog {unknown}


   Skills:
 - Level 1.5 Dodging
 - Level 1.5 Stealth
 - Level 3.0 Spellcasting
 * Level 5.8 Necromancy


You had one spell level left.
You knew the following spells:

 Your Spells              Type           Power        Failure   Level  Hunger
a - Pain                  Necr           ###.         1%          1    N/A
b - Vampiric Draining     Necr           ###.......   5%          3    N/A
c - Animate Dead          Necr           N/A          19%         4    N/A

Your spell library contained the following spells:

 Spells                   Type           Power        Failure   Level  Hunger
 Animate Skeleton         Necr           N/A          1%          1    N/A
 Regeneration             Chrm/Necr      Unusable     N/A         3    N/A

Dungeon Overview and Level Annotations

Branches:
Dungeon (3/15)

Altars:


Innate Abilities, Weirdness & Mutations

You do not eat or drink.
Your flesh is vulnerable to fire.
You are immune to poison.
Your flesh is cold resistant. (rC+)
You are immune to negative energy. (rN+++)
You are immune to unholy pain and torment.
You can survive without breathing.


Message History

You sock the worm!
The worm is severely wounded.
The worm bites you!
* * * LOW HITPOINT WARNING * * *
Casting: Pain (safe; 1% risk of failure)
Confirm with . or Enter, or press ? or * to list all spells.
Aiming: Vampiric Draining (safe; 5% risk of failure)
Press: ? - help, Shift-Dir - straight line, f - worm
Aim: a worm (severely wounded)
You kill the worm!
You feel life coursing into your body.
Casting: Vampiric Draining (safe; 5% risk of failure)
Confirm with . or Enter, or press ? or * to list all spells.
Aiming: Vampiric Draining (safe; 5% risk of failure)
Press: ? - help, Shift-Dir - straight line, f - ice beast
Aim: an ice beast The ice beast is lightly wounded.
You feel life coursing into your body. The ice beast hits you.
The ice beast freezes you!
You die...

▒∙▒▒ ∙∙∙▒ ▒∙∙▒
▒∙∙▒ ▒!∙▒ ∙
▒∙∙▒▒▒▒▒▒
▒∙∙▒▒▒∙)▒▒∙∙∙▒
▒∙∙∙∙∙∙∙Y@∙∙∙▒
▒▒∙▒▒▒∙∙▒▒∙∙∙▒
∙∙∙∙∙∙∙∙▒▒▒∙▒▒
▒▒∙▒∙∙∙∙∙∙∙∙∙▒
∙∙∙∙∙▒▒∙▒▒▒∙∙▒
▒▒∙∙∙∙∙∙∙∙∙∙∙▒
▒?∙▒▒▒∙▒▒▒▒∙▒
▒∙∙ ▒∙▒ ▒∙▒ ▒∙
▒∙▒ ▒∙▒ ▒▒▒


You could see an ice beast.

Vanquished Creatures
  An adder (D:2)
  A gnoll (D:1)
  2 oozes (D:1)
  A worm (D:3)
  6 dart slugs
  3 leopard geckos (D:2)
  A ball python (D:1)
  3 giant cockroaches (D:1)
  5 goblins
  4 hobgoblins
  4 jackals (D:3)
  4 kobolds
  A quokka (D:3)
  7 bats
  4 frilled lizards
  8 rats
55 creatures vanquished.

Notes
Turn   | Place    | Note
-------+----------+-------------------------------------------
     0 | D:1      | Cab the Mummy Necromancer began the quest for the Orb.
     0 | D:1      | Reached XP level 1. HP: 13/13 MP: 4/4
   269 | D:1      | Reached XP level 2. HP: 19/19 MP: 3/5
   563 | D:1      | Reached XP level 3. HP: 19/24 MP: 1/7
   570 | D:1      | Learned a level 3 spell: Vampiric Draining
   722 | D:1      | Reached skill level 5 in Necromancy
  1387 | D:2      | Reached XP level 4. HP: 25/30 MP: 4/8
  1396 | D:2      | Learned a level 4 spell: Animate Dead
  2042 | D:3      | Noticed an ice beast
  2173 | D:3      | Slain by an ice beast

Levels and vault maps discovered:
D:1:      dpeg_arrival_pits, layout_loops_corners
D:2:      layout_basic
D:3:      layout_loops_ring, nicolae_overflow_hidden_temple

Skill      XL: |  1  2  3 |
---------------+----------+-----
Spellcasting   | 3 |  3.0
Necromancy     | 5 |  5.8
Dodging        | |  1.5
Stealth        | |  1.5

Action                   |  1- 3 |  4- 6 || total
-------------------------+-------+-------++-------
Melee: Unarmed           |     7 |       ||     7
       Flail             |    33 |    48 ||    81
 Cast: Pain              |    32 |     6 ||    38
       Vampiric Draining |     1 |     2 ||     3
 Stab: Sleeping          |     2 |     1 ||     3
Armor: Robe              |     9 |     5 ||    14
Dodge: Dodged            |    44 |    31 ||    75
